AoeStats
← ccereal

Arena

510139166Analyzed
3v3 RM · 2d ago on Sep 29, 2026· 37m 12s· 6 players
Game mode
Random Map
Map size
Normal (6 player)
Population
200
Speed
Normal
Resources
Standard
Victory
Conquest
Starting age
Dark Age
Ending age
Imperial Age
RankedLock teamsTeams togetherTeam positionsShared explorationLock speedFull tech treeHidden civsTurbo modeCheats
Victory
Defeat
🇨🇿 Italians · Czechia
1708
+9
🇨🇿 Poles · Czechia
1670
+10
🇨🇿 Byzantines · Czechia
1510
+15
🇫🇷 Britons · France
1591
-14
🇩🇪 Gurjaras · Germany
1523
-11
🇫🇷 Spanish · France
1460
-9
ccereal
8:39 Feudal Age
7:40 Loom
9:58 Double-Bit Axe
14:21 Fletching
14:32 Padded Archer Armor
19:47 Castle Age
18:27 Horse Collar
18:38 Gold Mining
20:03 Wheelbarrow
19:49 Crossbowman
20:44 Bodkin Arrow
23:59 Leather Archer Armor
26:38 Heavy Plow
27:01 Bow Saw
28:45 Ballistics
32:48 Imperial Age
33:47 Gold Shaft Mining
33:00 Town Watch
33:31 Bracer
32:52 Arbalester
35:47 Ring Archer Armor
36:18 Chemistry
36:30 Yeomen
tony le gros rou
9:56 Feudal Age
10:04 Feudal Age
14:32 Castle Age
13:40 Double-Bit Axe
16:02 Loom
18:55 Fletching
36:29 Imperial Age
p0n0n0
9:06 Feudal Age
10:17 Loom
10:39 Loom
13:29 Castle Age
12:02 Double-Bit Axe
21:14 Bow Saw
26:49 Wheelbarrow
26:41 Redemption
32:44 Horse Collar
32:54 Gold Mining
32:55 Stone Mining
37:17 Stone Shaft Mining
deswermobil
10:14 Feudal Age
11:24 Horse Collar
14:04 Castle Age
12:10 Double-Bit Axe
15:01 Bow Saw
14:53 Heavy Plow
18:14 Loom
20:46 Wheelbarrow
22:32 Gold Mining
23:46 Szlachta Privileges
23:47 Scale Barding Armor
24:15 Forging
24:01 Stone Mining
24:32 Husbandry
24:59 Bloodlines
25:15 Chain Barding Armor
26:08 Iron Casting
29:19 Imperial Age
26:34 Town Watch
29:28 Cavalier
31:09 Blast Furnace
30:31 Conscription
31:22 Hand Cart
33:12 Crop Rotation
32:46 Town Patrol
33:19 Fletching
32:59 Capped Ram
33:10 Light Cavalry
34:19 Siege Ram
35:03 Bodkin Arrow
36:14 Winged Hussar
DanielCZ
10:15 Feudal Age
10:03 Loom
11:27 Double-Bit Axe
14:15 Castle Age
15:10 Bow Saw
22:34 Horse Collar
28:18 Imperial Age
26:43 Wheelbarrow
27:12 Padded Archer Armor
27:17 Gold Mining
27:39 Heavy Plow
30:04 Chemistry
29:17 Pirotechnia
30:22 Leather Archer Armor
30:56 Conscription
32:01 Hand Cart
32:02 Stone Mining
35:18 Elite Skirmisher
36:57 Ring Archer Armor
36:40 Fletching
gg_bohois
10:25 Feudal Age
14:52 Castle Age
19:13 Loom
27:48 Double-Bit Axe
33:48 Imperial Age
31:12 Horse Collar
33:00 Wheelbarrow
33:26 Fletching
33:50 Bow Saw
33:30 Elite Skirmisher
35:01 Bodkin Arrow
35:40 Heavy Plow
35:44 Bracer
35:45 Padded Archer Armor
36:19 Ballistics
37:03 Chemistry
Connection lost

Rejoining the realm…

Still unreachable

The connection could not be restored.

Session expired

The server has moved on; the page needs a fresh start.